 Dungeon Crawl Stone Soup version 0.31-a0-963-ga325b2283a (webtiles) character file.

Game seed: 14082381805179501792

84 Gladio the Trooper (level 4, -4/36 HPs)
             Began as a Human Fighter on Oct 25, 2023.
             Slain by an orc warrior
             ... wielding a +0 flail
              (16 damage)
             ... on level 2 of the Dungeon.
             The game lasted 00:02:42 (1537 turns).

Gladio the Trooper (Human Fighter)                  Turns: 1537, Time: 00:02:42

Health: -4/36      AC:  6    Str: 18    XL:     4   Next: 72%
Magic:  4/4        EV:  9    Int:  9    God:
Gold:   135        SH:  4    Dex: 12    Spells: 3/3 levels left

rFire   . . .        a - +0 flail
rCold   . . .        c - +0 buckler
rNeg    . . .        b - +0 scale mail
rPois   .            (no helmet)
rElec   .            (no cloak)
rCorr   .            (no gloves)
SInv    .            (no boots)
Will    .....        q - amulet of faith Stlth
                     (no ring)
HPRegen 0.26/turn    (no ring)
MPRegen 0.09/turn

%: faith
@: mighty
A: no striking features
a: no special abilities


You were on level 2 of the Dungeon.
You visited 1 branch of the dungeon, and saw 3 of its levels.

You collected 135 gold pieces.

Inventory:

Hand Weapons
 a - a +0 flail (weapon)
Missiles
 g - 4 javelins (quivered)
 h - 2 throwing nets
 k - 5 poisoned darts
Armour
 b - a +0 scale mail (worn)
 c - a +0 buckler (worn)
Jewellery
 q - an amulet of faith (around neck)
Wands
 n - a wand of digging (4)
Scrolls
 e - a scroll of silence {unknown}
 f - a scroll of amnesia {unknown}
 i - a scroll of poison {unknown}
 m - a scroll of butterflies {unknown}
 o - a scroll of revelation {unknown}
 r - a scroll of identify {unknown}
Potions
 d - a potion of might
 j - a potion of mutation {unknown}
 l - a potion of brilliance {unknown}
 p - a potion of attraction {unknown}


   Skills:
 + Level 3.6 Fighting
 * Level 3.5 Maces & Flails
 + Level 3.6 Armour
 - Level 3.0 Shields


You had 3 spell levels left.
You didn't know any spells.
Your spell library was empty.

Dungeon Overview and Level Annotations

Branches:
Dungeon (3/15)

Altars:

Annotations:
D:3 1 transporter


Message History

Found a scroll labelled EBLEUL GOACELL.
There is a stone staircase leading up here.
Sorry, I don't know how to get there.
r - a scroll labelled EBLEUL GOACELL An orc comes into view.
It is wielding a +0 mace.
The orc shouts!
A quokka comes into view.
The orc moves out of view.
An orc warrior comes into view. It is wielding a +0 flail.
There are monsters nearby!
There are monsters nearby!
An orc wizard comes into view. It is wielding a +0 dagger.
Found a scroll labelled EBLEUL GOACELL.
Found 15 gold pieces.
Found a thick glowing staff and 10 gold pieces.
Found a transporter.
You sock the quokka!
You kill the quokka!
You see here a quokka corpse.
There is a stone staircase leading up here.
The orc warrior hits you with a +0 flail!
You climb upwards.
There is a stone staircase leading down here.
Sorry, you're not good enough to have a special ability.
You feel very mighty all of a sudden. The orc warrior barely misses you.
You sock the orc warrior!
The orc warrior is moderately wounded.
You block the orc warrior's attack.
You closely miss the orc warrior.
The orc warrior is moderately wounded.
The orc warrior hits you with a +0 flail.
You closely miss the orc warrior.
The orc warrior is moderately wounded.
The orc warrior hits you with a +0 flail!
The orc warrior closely misses you.
You completely miss the orc warrior.
The orc warrior is moderately wounded.
The orc warrior hits you with a +0 flail!
You die...

....# ####8.8#....###
....# ###...........#
....# ####...##8.8#....#
....###....#####.##....#
##### ....##..####
#..##....# #....
....##.## ###..#.....#
#.... <...##.#
#.>..#.##### ##....
.......######....o.#
##.....
....#..##.....#.@###
##......
...........>....##
####..#....
###.............##
#....######
#..##..........#
####.#### ##.
###..#...........###....#
#..
...................#.####
#.#
###...#.........##....#
#.#
##...#...............#
##.#
#..#...........###...#
#..#


You could see an orc warrior.

Vanquished Creatures
  3 gnolls (D:2)
  A worm (D:2)
  3 dart slugs
  5 ball pythons (D:2)
  5 endoplasms
  2 giant cockroaches (D:1)
  5 goblins
  2 hobgoblins
  4 jackals (D:1)
  2 quokkas
  4 bats
  2 kobolds (D:1)
  3 rats (D:1)
41 creatures vanquished.

Notes
Turn   | Place    | Note
-------+----------+-------------------------------------------
     0 | D:1      | Gladio the Human Fighter began the quest for the Orb.
     0 | D:1      | Reached XP level 1. HP: 18/18 MP: 1/1
    67 | D:1      | Reached XP level 2. HP: 24/24 MP: 2/2
    75 | D:1      | Found a faded altar of an unknown god.
   466 | D:1      | Reached XP level 3. HP: 28/29 MP: 3/3
  1092 | D:2      | Reached XP level 4. HP: 27/35 MP: 4/4
  1498 | D:3      | Identified the "Hefuerez"
  1511 | D:3      | Noticed an orc warrior
  1520 | D:3      | Found a transporter.
  1537 | D:2      | Slain by an orc warrior

Illustrated notes

Levels and vault maps discovered:
D:1:      elethiomel_arrival_maze, layout_basic,
          hellmonk_ecumenical_altar_leap_of_faith, serial_park_tiny_pond,
          minivault_5
D:2:      wander_river, layout_rooms, small_statue_intersection
D:3:      gammafunk_wand_slinger, layout_rooms, serial_shops, shop, uniq_terence

Skill      XL: |  1  2  3 |
---------------+----------+-----
Maces & Flails | 3 |  3.5
Fighting       | |  3.6
Armour         | |  3.6
Shields        | |  3.0

Action                     |  1- 3 |  4- 6 || total
---------------------------+-------+-------++-------
  Melee: Flail             |    73 |    42 ||   115
    Use: Potion            |       |     1 ||     1
 Armour: Scale mail        |    44 |    19 ||    63
  Dodge: Dodged            |    27 |    23 ||    50
  Block: Buckler           |    13 |     6 ||    19

Table legend: (Time is in decaauts)
 A = Elapsed time spent in this place.
 B = Non-inter-level travel time spent in this place.
 C = Inter-level travel time spent in this place.
 D = Time resting spent in this place.
 E = Time spent auto-exploring this place.
 F = Levels seen in this place.
 G = Mean time per level.
                   A        B        C        D        E       F      G
               +--------+--------+--------+--------+--------+-----+--------+
         Total |   1586 |   1530 |     56 |      0 |   1211 |   3 |  528.7 |
       Dungeon |   1586 |   1530 |     56 |      0 |   1211 |   3 |  528.7 |
               +--------+--------+--------+--------+--------+-----+--------+

Top non-repeatable levels by time:
     D:1: 893 daAuts
     D:2: 659 daAuts
     D:3: 34 daAuts
